 Dungeon Crawl Stone Soup version 0.31-a0-152-g6aa68a64a1 (webtiles) character file.

Game seed: 8222290529522300798

73 jlumianski the Magician (level 4, -10/31 HPs)
             Began as a Djinni Fire Elementalist on June 10, 2023.
             Killed by divine providence
             ... invoked by an orc priest
              (12 damage)
             ... on level 3 of the Dungeon.
             The game lasted 00:07:22 (1956 turns).

jlumianski the Magician (Djinni Fire Elementalist)  Turns: 1956, Time: 00:07:23

Health: -10/31     AC:  2    Str:  7    XL:     4   Next: 51%
Gold:   98         EV: 13    Int: 19    God:
                   SH:  0    Dex: 13

rFire   + + .        d - +0 short sword
rCold   x . .        (no shield)
rNeg    . . .        a - +0 robe
rPois   ∞            (no helmet)
rElec   .            (no cloak)
rCorr   .            (no gloves)
SInv    .            (boots unavailable)
Will    .....        (no amulet)
Stlth   ++           (no ring)
HPRegen 0.25/turn    (no ring)
MPRegen 0.00/turn

%: infuse magic (-11 HP)
@: flying, very slightly contaminated
A: sickness immunity, fire resistance 2, cold vulnerability 1, float, innate
caster, HP casting, extra vitality 1
a: no special abilities


You were on level 3 of the Dungeon.
You visited 1 branch of the dungeon, and saw 3 of its levels.

You collected 98 gold pieces.

Inventory:

Hand Weapons
 b - a +0 dagger
 d - a +0 short sword (weapon)
Armour
 a - a +0 robe (worn)
Scrolls
 c - 2 scrolls of enchant armour {unknown}
 e - a scroll of amnesia {unknown}
 h - 2 scrolls of magic mapping {unknown}
 j - a scroll of identify {unknown}
 m - a scroll of blinking {unknown}
Potions
 f - 2 potions of curing {unknown}
 g - a potion of enlightenment {unknown}
 i - a potion of heal wounds {unknown}
 k - a potion of invisibility {unknown}
 l - a potion of haste {unknown}


   Skills:
 + Level 0.2 Fighting
 + Level 0.3 Short Blades
 + Level 3.2 Dodging
 + Level 2.5 Stealth
 * Level 3.4 Spellcasting
 * Level 3.4 Conjurations
 * Level 3.4 Hexes
 * Level 3.4 Summonings
 * Level 3.4 Necromancy
 * Level 3.4 Translocations
 * Level 3.4 Transmutations
 * Level 3.4 Fire Magic
 * Level 3.4 Ice Magic
 * Level 3.4 Air Magic
 * Level 3.4 Earth Magic
 * Level 3.4 Poison Magic


You knew the following spells:

 Your Spells              Type           Power      Damage    Failure   Level
a - Foxfire               Conj/Fire      64%        2x1d7     3%          1
b - Scorch                Fire           32%        2d6       5%          2
c - Volatile Blastmotes   Fire/Tloc      32%        2d12      11%         3
d - Inner Flame           Hex/Fire       16%        N/A       11%         3
e - Flame Wave            Conj/Fire      16%        2d7       34%         4
f - Summon Small Mammal   Summ           64%        N/A       3%          1
Your spell library was empty.

Dungeon Overview and Level Annotations

Branches:
Dungeon (3/15)

Altars:
Qazlal


Innate Abilities, Weirdness & Mutations

You are immune to sickness and miasma.
You are immune to poison.
Your flesh is very heat resistant. (rF++)
You are vulnerable to cold. (rC-)
You float through the air rather than walking.
You learn spells naturally, not from books.
Your magical power is your life essence.
You have superior vitality. (+4 MHP)


Message History

The orc shouts!
The foxfire hits the orc.
You kill the orc!
The foxfire hits the orc priest but does no damage.
Casting: Foxfire (safe; 3% risk of failure)
Confirm with . or Enter, or press ? or * to list all spells.
You conjure some foxfire!
The foxfire hits the orc priest.
The orc priest is lightly wounded.
The foxfire hits the orc priest.
The orc priest is heavily wounded.
You hit the orc priest but do no damage.
The orc priest is heavily wounded.
Casting: Foxfire (safe; 3% risk of failure)
Confirm with . or Enter, or press ? or * to list all spells.
You miscast Scorch.
You are very lightly contaminated with residual magic.
Nothing appears to happen.
The orc priest hits you with a +0 club.
Casting: Scorch (safe; 5% risk of failure)
Confirm with . or Enter, or press ? or * to list all spells.
The orc misses you. The orc priest hits you with a +0 club.
The orc priest attacks as you move away!
The orc priest hits you with a +0 club. The orc hits you with a +0 hand axe.
Okay, then.
Unknown command.
Okay, then.
The orc attacks as you move away! The orc hits you with a +0 hand axe.
The orc hits your quokka with a +0 hand axe.
The orc priest attacks as you move away!
The orc priest closely misses you.
Your quokka barely misses the orc priest.
The orc attacks as you move away! The orc hits you with a +0 hand axe.
* * * LOW HITPOINT WARNING * * *
Okay, then.
The orc attacks as you move away! The orc hits you with a +0 hand axe.
* * * LOW HITPOINT WARNING * * *
Your quokka bites the orc priest but does no damage.
The orc priest invokes the aid of Beogh against you.
Beogh smites you!
You die...

##. ..#.# #.# #.##.#
...####.###.# #.##.#
#...........# #.##.#
#######.#######.##.#
.......r)..)....##.#
#######o##########.#
#.##...# #(#
#.###o##.#.# #.#
#...@.##.#.# #.#
########.#.# #.#
...........# #.#
#.#########.#######.#
....................#
....................#
#.######<.#.....#.###
#..#.###.#.# #..#.#
#.#.#


You could see an orc priest (ally target), an orc and a friendly quokka
(summoned).

Vanquished Creatures
  3 adders (D:2)
  2 dart slugs (D:1)
  2 orcs (D:3)
  5 endoplasms
  2 giant cockroaches (D:2)
  A goblin (D:2)
  4 hobgoblins
  3 jackals (D:1)
  2 quokkas (D:1)
  6 ball pythons
  A bat (D:2)
  4 frilled lizards
  3 kobolds
  A rat (D:1)
39 creatures vanquished.

Vanquished Creatures (others)
  88 foxfires
88 creatures vanquished.

Grand Total: 127 creatures vanquished

Notes
Turn   | Place    | Note
-------+----------+-------------------------------------------
     0 | D:1      | jlumianski the Djinni Fire Elementalist began the quest for
                  | the Orb.
     0 | D:1      | jlumianski set off with the following spells memorised:
                  | Foxfire, Scorch, Volatile Blastmotes, Inner Flame, Flame
                  | Wave.
     0 | D:1      | Reached XP level 1. HP: 15/15 MP: 0/0
     9 | D:1      | Noticed an ogre
   104 | D:1      | Reached XP level 2. HP: 20/21 MP: 0/0
   800 | D:1      | Reached XP level 3. HP: 25/25 MP: 0/0
   800 | D:1      | Learned a level 1 spell: Summon Small Mammal
  1381 | D:2      | Reached XP level 4. HP: 29/31 MP: 0/0
  1585 | D:2      | You are sucked into a shaft and drop 1 floor!
  1603 | D:3      | Found a stormy altar of Qazlal.
  1956 | D:3      | Killed from afar by an orc priest

Illustrated notes

Levels and vault maps discovered:
D:1:      evilmike_arrival_come_back, layout_basic
D:2:      layout_basic
D:3:      layout_basic, nemelex_spade_bored_becter,
          nicolae_qazlal_general_emergency

Skill      XL: |  1  2  3 |
---------------+----------+-----
Spellcasting   | |  3.4
Conjurations   | |  3.4
Hexes          | |  3.4
Summonings     | |  3.4
Necromancy     | |  3.4
Translocations | |  3.4
Transmutations | |  3.4
Fire Magic     | |  3.4
Ice Magic      | |  3.4
Air Magic      | |  3.4
Earth Magic    | |  3.4
Poison Magic   | |  3.4
Stealth        | 2 |  2.5
Dodging        | 3 |  3.2
Fighting       | |  0.2
Short Blades   | |  0.3

Action                     |  1- 3 |  4- 6 || total
---------------------------+-------+-------++-------
  Melee: Dagger            |    16 |       ||    16
         Short sword       |     1 |     3 ||     4
   Cast: Foxfire           |    40 |    10 ||    50
         Summon Small Mamm |       |     1 ||     1
   Stab: Sleeping          |     1 |       ||     1
 Armour: Robe              |    10 |       ||    10
  Dodge: Dodged            |    31 |     3 ||    34

Table legend: (Time is in decaauts)
 A = Elapsed time spent in this place.
 B = Non-inter-level travel time spent in this place.
 C = Inter-level travel time spent in this place.
 D = Time resting spent in this place.
 E = Time spent auto-exploring this place.
 F = Levels seen in this place.
 G = Mean time per level.
                   A        B        C        D        E       F      G
               +--------+--------+--------+--------+--------+-----+--------+
         Total |   1958 |   1844 |    114 |     75 |   1316 |   3 |  652.7 |
       Dungeon |   1958 |   1844 |    114 |     75 |   1316 |   3 |  652.7 |
               +--------+--------+--------+--------+--------+-----+--------+

Top non-repeatable levels by time:
     D:1: 1042 daAuts
     D:2: 809 daAuts
     D:3: 106 daAuts
